 Dungeon Crawl Stone Soup version 0.29-a0-344-ge2f44be95a (webtiles) character file.

Game seed: 9843824103354982466

391 iguanaiguana the Cleaver (level 6, 0/51 HPs)
             Began as a Hill Orc Chaos Knight on Apr 21, 2022.
             Was a Plaything of Xom.
             Succumbed to a scorpion's poison
             ... on level 5 of the Dungeon.
             The game lasted 00:09:42 (4026 turns).

iguanaiguana the Cleaver (Hill Orc Chaos Knight)    Turns: 4026, Time: 00:09:43

Health: 0/51       AC:  6    Str: 12 (13) XL:     6   Next: 80%
Magic:  6/6        EV: 11    Int: 10 (12) God:    Xom [....*.]
Gold:   198        SH:  0    Dex:  4 (12) Spells: 5/5 levels left

rFire   . . .      SeeInvis .   l - +0 battleaxe
rCold   . . .      Faith    .   (shield currently unavailable)
rNeg    . . .      Spirit   .   i - +3 leather armour
rPois   .          Reflect  .   (no helmet)
rElec   .          Harm     .   r - +1 cloak
rCorr   .          Rampage  .   (no gloves)
Will    .....                   (no boots)
Stlth   +.........              (no amulet)
HPRegen 0.00/turn               a - ring of flight
MPRegen 0.10/turn               (no ring)

@: lethally poisoned (0 -> -8), flying, inhibited regen
A: deformed body, inhibited regeneration, weak 1
a: Renounce Religion


You were on level 5 of the Dungeon.
You worshipped Xom.
You were a beloved toy of Xom.
You visited 1 branch of the dungeon, and saw 5 of its levels.

You collected 198 gold pieces.

Inventory:

Hand Weapons
 l - a +0 battleaxe (weapon)
 p - a +0 war axe
Missiles
 u - 3 boomerangs
Armour
 b - a +2 leather armour
 i - a +3 leather armour (worn)
 m - a +0 cloak
 r - a +1 cloak (worn)
Jewellery
 a - a ring of flight (left hand)
Scrolls
 d - a scroll of vulnerability {unknown}
 g - a scroll of brand weapon {unknown}
 h - 2 scrolls of enchant weapon {unknown}
 j - a scroll of teleportation {@r3}
 k - a scroll of fog {unknown}
 n - a scroll of fear {unknown}
 o - a scroll of identify {unknown}
 q - a scroll of magic mapping {unknown}
 s - a scroll of blinking {unknown}
 t - a scroll of amnesia {unknown}
Miscellaneous
 c - a piece from Xom's chessboard (14/15) (quivered)


   Skills:
 - Level 3.6 Fighting
 + Level 9.7 Axes
 - Level 2.1 Armour
 - Level 0.7 Dodging


You had 5 spell levels left.
You didn't know any spells.
Your spell library contained the following spells:

 Spells                   Type           Power      Damage    Failure   Level
 Magic Dart               Conj           0%         1d3       43%         1
 Call Imp                 Summ           0%         N/A       58%         2
 Mephitic Cloud           Conj/Pois/Air  0%         N/A       82%         3


Dungeon Overview and Level Annotations

Branches:
Dungeon (5/15)
 Temple: D:4-7

Altars:

Shops:
D:4 (

Annotations:
D:4 Grinder


Innate Abilities, Weirdness & Mutations

Armour fits poorly on your strangely shaped body.
You do not regenerate when monsters are visible.
You are weak. (Str -2)


Message History

You feel more buoyant.
Xom thinks this is hilarious!
You feel sick. "Hum-dee-hum-dee-hum..."
The black bear is charmed.
Your black bear bites the scorpion but does no damage.
Your black bear claws the scorpion but does no damage.
Your black bear barely misses the scorpion.
The scorpion barely misses your black bear.
You feel sick.
Your black bear barely misses the scorpion.
Your black bear claws the scorpion.
Your black bear closely misses the scorpion.
You closely miss the scorpion.
The scorpion is moderately wounded.
You feel sick.
You are no longer poisoned.
The scorpion stings you.
* * * LOW HITPOINT WARNING * * *
You are lethally poisoned!
The scorpion poisons you!
Your black bear bites the scorpion but does no damage.
Your black bear claws the scorpion but does no damage.
Your black bear barely misses the scorpion.
The scorpion stings you but does no damage.
Your black bear bites the scorpion.
Your black bear closely misses the scorpion.
Your black bear barely misses the scorpion.
You aren't carrying any potions.
As you read the scroll of summoning, it crumbles to dust.
Wisps of shadow whirl around you...
* * * LOW HITPOINT WARNING * * *
You feel sick. The scorpion stings your black bear.
Your black bear is poisoned.
The scorpion poisons your black bear!
Your black bear closely misses the scorpion. x2
Your black bear claws the scorpion but does no damage.
You swap places.
You die...
Xom cackles wildly!

###### .....#
###### .....#
......# ##.....#
......>##......#.
.......)S........
.......sJ@.......
......hh##s....#.
........# .....#
........# #..###
.......## .##
....... .#
....... # .......
.......


You could see a scorpion (distracted, ally target), a friendly black bear
(charmed, very poisoned), a friendly scorpion (summoned), a friendly hound
(summoned), a friendly jelly (summoned) and a friendly adder (summoned).

Vanquished Creatures
  An ogre (D:5)
  An orc priest (D:2)
  Crazy Yiuf (D:2)
  A hound (D:4)
  Terence (D:2)
  4 adders
  A worm (D:3)
  A dart slug (D:1)
  6 orcs
  6 ball pythons
  8 bats
  7 endoplasms
  8 goblins
  3 hobgoblins
  10 jackals
  A quokka (D:1)
  A frilled lizard (D:2)
  5 kobolds
  7 rats
73 creatures vanquished.

Vanquished Creatures (collateral kills)
  Blork the orc (D:4)
1 creature vanquished.

Vanquished Creatures (others)
  A plant (D:1)
1 creature vanquished.

Grand Total: 75 creatures vanquished

Notes
Turn   | Place    | Note
-------+----------+-------------------------------------------
     0 | D:1      | iguanaiguana the Hill Orc Chaos Knight began the quest for
                  | the Orb.
     0 | D:1      | Reached XP level 1. HP: 19/19 MP: 1/1
   194 | D:1      | Reached XP level 2. HP: 26/26 MP: 2/2
   197 | D:1      | XOM: divination: magic mapping
   286 | D:1      | XOM: 4-stop teleportation journey
   525 | D:1      | Reached skill level 5 in Axes
   556 | D:1      | XOM: divination: magic mapping
   653 | D:1      | Reached XP level 3. HP: 28/29 MP: 3/3
   668 | D:1      | XOM: divination: magic mapping
   980 | D:1      | XOM: give mutations
   980 | D:1      | Gained mutation: You do not regenerate when monsters are
                  | visible. [Xom's mischief]
   980 | D:1      | Gained mutation: Your flesh is cold resistant. (rC+) [Xom's
                  | mischief]
   980 | D:1      | Gained mutation: Your body sometimes deteriorates upon
                  | taking damage. [Xom's mischief]
   980 | D:1      | Gained mutation: You sometimes lose the ability to read
                  | scrolls when taking damage. [Xom's mischief]
  1115 | D:2      | XOM: give mutations
  1115 | D:2      | Lost mutation: Your flesh is cold resistant. (rC+) [Xom's
                  | mischief]
  1115 | D:2      | Lost mutation: You sometimes lose the ability to read
                  | scrolls when taking damage. [Xom's mischief]
  1115 | D:2      | Gained mutation: You are dopey. (Int -2) [Xom's mischief]
  1115 | D:2      | Gained mutation: You are weak. (Str -2) [Xom's mischief]
  1300 | D:2      | Found a runed translucent door.
  1301 | D:2      | Noticed Crazy Yiuf
  1309 | D:2      | Killed Crazy Yiuf
  1310 | D:2      | Reached skill level 6 in Axes
  1310 | D:2      | Reached XP level 4. HP: 17/39 MP: 1/4
  1330 | D:2      | XOM: god gift: book of Minor Magic
  1463 | D:2      | XOM: cloud trail
  1513 | D:2      | Noticed Terence
  1517 | D:2      | XOM: smoke on damage
  1523 | D:2      | Killed Terence
  1524 | D:2      | Reached skill level 7 in Axes
  1645 | D:2      | XOM: butterfly on damage
  1651 | D:2      | Reached XP level 5. HP: 25/45 MP: 5/5
  1669 | D:2      | HP: 2/45 [orc/+0 hand axe (3)]
  1690 | D:2      | XOM: give mutations
  1690 | D:2      | Gained mutation: You are very weak. (Str -4) [Xom's
                  | mischief]
  1690 | D:2      | Lost mutation: You are very weak. (Str -4) [Xom's mischief]
  1690 | D:2      | Lost mutation: You are dopey. (Int -2) [Xom's mischief]
  1843 | D:2      | XOM: 1-stop teleportation journey
  1898 | D:2      | XOM: 3-stop teleportation journey
  2031 | D:2      | Found a faded altar of an unknown god.
  2557 | D:3      | XOM: chaos cloud
  2570 | D:3      | XOM: enchant monster (good)
  2571 | D:3      | Reached skill level 8 in Axes
  2936 | D:3      | XOM: give mutations
  2936 | D:3      | Lost mutation: Your body sometimes deteriorates upon taking
                  | damage. [Xom's mischief]
  2936 | D:3      | Gained mutation: Armour fits poorly on your strangely
                  | shaped body. [Xom's mischief]
  3287 | D:4      | XOM: torment (23/45 hp)
  3326 | D:4      | XOM: summons 3 hostile demons
  3404 | D:4      | Found Utoameir's Weapon Emporium.
  3404 | D:4      | XOM: 4-stop teleportation journey
  3442 | D:4      | Noticed Grinder
  3444 | D:4      | XOM: potion effect (berserk rage)
  3446 | D:4      | XOM: cast spell 'Olgreb's Toxic Radiance'
  3452 | D:4      | XOM: summons 3 hostile shadow creatures
  3456 | D:4      | XOM: summons friendly crimson imp
  3459 | D:4      | Paralysed by something for 5 turns
  3537 | D:3      | XOM: god gift: sedimented blue potion {god gift}
  3645 | D:3      | XOM: scenery: summon butterflies
  3782 | D:4      | XOM: 2-stop teleportation journey
  3797 | D:4      | Reached XP level 6. HP: 41/51 MP: 6/6
  3898 | D:4      | XOM: cloud trail
  3955 | D:4      | Noticed Blork the orc
  3961 | D:4      | Killed Blork the orc
  3962 | D:4      | Reached skill level 9 in Axes
  4011 | D:5      | Entered Level 5 of the Dungeon
  4013 | D:5      | Noticed a black bear
  4022 | D:5      | XOM: enchant monster (good)
  4025 | D:5      | HP: 2/51 [poisoned by a scorpion]
  4026 | D:5      | Succumbed to a scorpion's poison

Illustrated notes

Levels and vault maps discovered:
D:1:      denvon_arrival_planthouse, layout_rooms, hangedman_decor_growths,
          minivault_19
D:2:      layout_basic, hellmonk_ecumenical_altar_run_dry, uniq_terence,
          uniq_crazy_yiuf_cottage
D:3:      layout_loops_corners, chequers_serial_rivers_room_a, amethyst_killhole
D:4:      layout_gridville, serial_shops, nicolae_shop_waterfront,
          kennysheep_generic_room_3, uniq_blork_the_orc, uniq_grinder
D:5:      minmay_razor_zed, layout_rooms, gammafunk_temple_overflow_elements,
          tso_metal_star, hangedman_decor_points

Skill      XL: |  1  2  3  4  5  6 |
---------------+-------------------+-----
Axes           | 5 6 7 8 9 |  9.7
Fighting       | |  3.6
Armour         | |  2.1
Dodging        | |  0.7

Action                   |  1- 3 |  4- 6 || total
-------------------------+-------+-------++-------
Melee: Hand axe          |    74 |    56 ||   130
       Flail             |    13 |    52 ||    65
       Quarterstaff      |       |    27 ||    27
       War axe           |       |    16 ||    16
       Battleaxe         |       |    14 ||    14
Evoke: Piece from Xom's  |       |     6 ||     6
  Use: Potion            |     1 |     5 ||     6
       Scroll            |       |     4 ||     4
 Stab: Distracted        |       |     1 ||     1
Armor: Leather armour    |    28 |   115 ||   143
       Skin              |       |    25 ||    25
Dodge: Dodged            |    41 |   136 ||   177

Table legend: (Time is in decaauts)
 A = Elapsed time spent in this place.
 B = Non-inter-level travel time spent in this place.
 C = Inter-level travel time spent in this place.
 D = Time resting spent in this place.
 E = Time spent auto-exploring this place.
 F = Levels seen in this place.
 G = Mean time per level.
                   A        B        C        D        E       F      G
               +--------+--------+--------+--------+--------+-----+--------+
         Total |   4064 |   3917 |    147 |    584 |   2679 |   5 |  812.8 |
       Dungeon |   4064 |   3917 |    147 |    584 |   2679 |   5 |  812.8 |
               +--------+--------+--------+--------+--------+-----+--------+

Top non-repeatable levels by time:
     D:2: 1331 daAuts
     D:3: 1159 daAuts
     D:1: 1020 daAuts
     D:4: 535 daAuts
     D:5: 16 daAuts
